 Dungeon Crawl Stone Soup version 0.31-a0-662-g684573625c (webtiles) character file.

Game seed: 3099529460297442367

231 Xavori the Sneak (level 6, -6/47 HPs)
             Began as an Octopode Chaos Knight on Sept 1, 2023.
             Was a Plaything of Xom.
             Mangled by mandarbmax's ghost (11 damage)
             ... on level 3 of the Dungeon.
             The game lasted 00:03:00 (12535 turns).

Xavori the Sneak (Octopode Chaos Knight)           Turns: 12535, Time: 00:03:02

Health: -6/47      AC:  1    Str:  9    XL:     6   Next: 4%
Magic:  5/5        EV: 13    Int: 29    God:    Xom [*.....]
Gold:   125        SH:  0    Dex: 11    Spells: 5/5 levels left

rFire   + . .        r - +2 short sword (venom)
rCold   . . .        (no shield)
rNeg    . . .        (helmet restricted)
rPois   .            (no amulet)
rElec   .            o - ring of protection from fire
rCorr   +            a - ring of resist corrosion
SInv    .            j - +6 ring of intelligence
Will    .....        (no ring)
Stlth   ++++         (no ring)
HPRegen 0.27/turn    (no ring)
MPRegen 0.09/turn    (no ring)
                     (no ring)

%: no passive effects
@: no status effects
A: almost no armour, amphibious, 8 rings, camouflage 1, gelatinous body 1,
(nimble swimmer 1), tentacles, antennae 2, tentacle spike 1, clever 2, low MP 1,
robust 1, subdued magic 1, inability to drink after injury 1
a: Renounce Religion


You were on level 3 of the Dungeon.
You worshipped Xom.
You were a special plaything of Xom.
You visited 1 branch of the dungeon, and saw 3 of its levels.

You collected 125 gold pieces.

Inventory:

Hand Weapons
 k - the +0 short sword of the Butterfly {flame, MP+9}
   (You found it on level 2 of the Dungeon)

   MP+9:      It affects your magic capacity (+9).
 r - a +2 short sword of venom (weapon)
Jewellery
 a - a ring of resist corrosion (right tentacle)
 j - a +6 ring of intelligence (on tentacle)
 o - a ring of protection from fire (left tentacle)
Wands
 n - a wand of roots (7)
Scrolls
 b - a scroll of butterflies
 c - 3 scrolls of teleportation {unknown}
 d - 3 scrolls of identify {unknown}
 p - a scroll of poison {unknown}
 q - a scroll of enchant armour {unknown}
 s - a scroll of acquirement {unknown}
 u - a scroll of fog {unknown}
 v - a scroll of brand weapon {unknown}
 w - a scroll of vulnerability {unknown}
 x - a scroll of amnesia {unknown}
Potions
 e - a potion of haste {unknown}
 f - a potion of resistance {unknown}
 g - a potion of attraction {unknown}
 h - a potion of enlightenment {unknown}
 i - a potion of berserk rage {unknown}
 l - a potion of heal wounds {unknown}
 m - a potion of cancellation {unknown}
 t - 3 potions of brilliance {unknown}


   Skills:
 + Level 3.8 Fighting
 + Level 4.2 Short Blades
 + Level 3.0 Dodging
 + Level 5.2 Stealth


You had 5 spell levels left.
You didn't know any spells.
Your spell library contained the following spells:

 Spells                   Type           Power      Damage    Failure   Level
 Dazzling Flash           Conj/Hex       0%         N/A       26%         3
 Agony                    Necr           0%         N/A       95%         5
 Silence                  Hex/Air        0%         N/A       95%         5


Dungeon Overview and Level Annotations

Branches:
Dungeon (3/15)

Altars:

Annotations:
D:3 mandarbmax's ghost, novice FoHu


Innate Abilities, Weirdness & Mutations

You cannot wear most types of armour.
You are amphibious.
You can wear up to eight rings at the same time.
Your skin changes colour to match your surroundings (Stealth+).
Your rubbery body absorbs attacks. (AC +1, EV +1)
((You are camouflaged when in or above water. (Stealth+)))
You have tentacles for arms and can constrict up to eight enemies at once.
You have a pair of antennae on your head.
One of your tentacles bears a spike.
Your mind is very acute. (Int +8, Str/Dex -2)
Your magical capacity is low. (-10% MP)
You are robust. (+10% HP)
Your spells are a little easier to cast, but a little less powerful.
You occasionally lose the ability to drink potions when taking damage.


Message History

You hit mandarbmax's ghost.
You squeeze mandarbmax's ghost, but do no damage.
Mandarbmax's ghost is heavily damaged.
Mandarbmax's ghost misses you.
You hit mandarbmax's ghost but do no damage.
Mandarbmax's ghost is heavily damaged.
Mandarbmax's ghost barely misses you.
You hit mandarbmax's ghost.
Mandarbmax's ghost is severely damaged.
Mandarbmax's ghost hits you.
You hit mandarbmax's ghost.
Mandarbmax's ghost is severely damaged.
You hit mandarbmax's ghost. Your squeeze misses mandarbmax's ghost.
Mandarbmax's ghost is severely damaged.
Mandarbmax's ghost hits you!
You hit mandarbmax's ghost.
You pierce mandarbmax's ghost, but do no damage.
Mandarbmax's ghost is severely damaged.
Mandarbmax's ghost hits you!
* * * LOW HITPOINT WARNING * * *
You hit mandarbmax's ghost.
Your tentacle spike misses mandarbmax's ghost.
Mandarbmax's ghost is almost destroyed.
Mandarbmax's ghost hits you but does no damage.
You hit mandarbmax's ghost.
You tentacle-slap mandarbmax's ghost, but do no damage.
Mandarbmax's ghost is almost destroyed.
You barely miss mandarbmax's ghost.
Your tentacle spike misses mandarbmax's ghost.
Mandarbmax's ghost is almost destroyed.
You hear Xom's maniacal laughter.
Mandarbmax's ghost hits you.
* * * LOW HITPOINT WARNING * * *
You hit mandarbmax's ghost but do no damage.
Your tentacle spike misses mandarbmax's ghost.
Your squeeze misses mandarbmax's ghost.
Mandarbmax's ghost is almost destroyed.
Mandarbmax's ghost hits you!
You die...
Xom howls with laughter!

#.# #....###..##..#.##.###.
#.# #.#..######...#......##
#.####.#..#.$.#...#####.#...
#...##.##.#.~.#...# #.###.
###....##.#.~.#...#####.####
##..###.#.~.#....##......#
##..###.#.~.#.##.........#
#....#####W########......#
#...<# #@....(...........
#....####..5.######......#
########......55..# #......#
#≈≈§§≈≈#..######.#####
#......#
#≈##.#§#..##.........#
#......#
#≈...#§#..##.........#
#......#
#§#..§≈#.............#
#......#
#≈#.##≈#..##.........#
########
#§≈..≈§#..############ #


You could see an iron imp (summoned), mandarbmax's ghost, a crimson imp
(summoned) and a white imp (summoned).

Vanquished Creatures
  An iguana (D:2)
  Natasha (thrice) (D:2)
  Terence (D:2)
  4 adders
  2 worms (D:2)
  8 orcs (D:3)
  5 ball pythons
  8 endoplasms
  A giant cockroach (D:3)
  10 goblins
  A hobgoblin (D:3)
  3 quokkas (D:1)
  3 bats
  4 frilled lizards
  6 kobolds
  5 rats
65 creatures vanquished.

Notes
Turn   | Place    | Note
-------+----------+-------------------------------------------
     0 | D:1      | Xavori the Octopode Chaos Knight began the quest for the
                  | Orb.
     0 | D:1      | Reached XP level 1. HP: 16/16 MP: 1/1
   193 | D:1      | Reached XP level 2. HP: 13/21 MP: 2/2
   434 | D:1      | XOM: divination: detect items
   663 | D:1      | Reached XP level 3. HP: 13/26 MP: 3/3
   925 | D:1      | XOM: silly message
  2247 | D:1      | XOM: give mutation
  2247 | D:1      | Gained mutation: You are resistant to electric shocks.
                  | (rElec) [Xom's mischief]
  2950 | D:1      | XOM: summons 2 hostile demons
  3344 | D:1      | XOM: summons 2 hostile demons
  3345 | D:1      | Noticed a sixfirhy
  3345 | D:1      | HP: 1/26 [sixfirhy[Xom] (4)]
  3627 | D:1      | XOM is BORED!
  5587 | D:1      | XOM: give mutations
  5587 | D:1      | Gained mutation: You are robust. (+10% HP) [Xom's mischief]
  5587 | D:1      | Gained mutation: One of your tentacles bears a spike.
                  | [Xom's mischief]
  5587 | D:1      | Gained mutation: You have a pair of small antennae on your
                  | head. [Xom's mischief]
  5587 | D:1      | Gained mutation: Your body sometimes deteriorates upon
                  | taking damage. [Xom's mischief]
  5878 | D:1      | XOM: draining
  6314 | D:1      | XOM: give mutations
  6314 | D:1      | Gained mutation: Your spells are a little easier to cast,
                  | but a little less powerful. [Xom's mischief]
  6314 | D:1      | Gained mutation: You are partially covered in iridescent
                  | scales. (AC +2) [Xom's mischief]
  6314 | D:1      | Gained mutation: You have a pair of antennae on your head.
                  | [Xom's mischief]
  6473 | D:1      | XOM is BORED!
  6473 | D:1      | XOM: noise
  6589 | D:1      | XOM: silly message
  6935 | D:1      | XOM: give mutations
  6935 | D:1      | Lost mutation: Your body sometimes deteriorates upon taking
                  | damage. [Xom's mischief]
  6935 | D:1      | Lost mutation: You are partially covered in iridescent
                  | scales. (AC +2) [Xom's mischief]
  6935 | D:1      | Gained mutation: You are agile. (Dex +4, Str/Int -1) [Xom's
                  | mischief]
  7289 | D:1      | XOM: scenery: 1 doors close
  7954 | D:1      | XOM is BORED!
  8561 | D:1      | XOM: scenery: 1 doors open
  9005 | D:1      | XOM: cloud trail
  9091 | D:1      | XOM: cloud trail
  9375 | D:1      | XOM: silly message
  9456 | D:1      | XOM: god gift: ring mail {god gift}
  9860 | D:1      | XOM: noise
  9997 | D:1      | XOM: silly message
 10206 | D:2      | XOM: divination: detect creatures
 10221 | D:2      | Reached skill level 1 in Stealth
 10226 | D:2      | HP: 1/24 [worm (11)]
 10276 | D:2      | XOM: cloud trail
 10368 | D:2      | Noticed Natasha
 10376 | D:2      | Killed Natasha
 10377 | D:2      | Reached skill level 2 in Stealth
 10377 | D:2      | Reached XP level 4. HP: 30/33 MP: 4/4
 10378 | D:2      | Noticed Natasha
 10386 | D:2      | Killed Natasha
 10387 | D:2      | Reached skill level 3 in Stealth
 10564 | D:2      | XOM: 6-stop teleportation journey
 10672 | D:2      | XOM: polymorph adder -> iguana
 10677 | D:2      | Reached skill level 4 in Stealth
 10677 | D:2      | Reached XP level 5. HP: 33/39 MP: 5/5
 10792 | D:2      | Noticed Natasha
 10796 | D:2      | Identified the +0 short sword of the Butterfly {flame,
                  | MP+9}
 10939 | D:2      | Killed Natasha
 11014 | D:2      | Glimpsed the power of Zot.
 11142 | D:2      | XOM: give mutations
 11142 | D:2      | Lost mutation: You are robust. (+10% HP) [Xom's mischief]
 11142 | D:2      | Gained mutation: Your mind is acute. (Int +4, Str/Dex -1)
                  | [Xom's mischief]
 11142 | D:2      | Gained mutation: You occasionally lose the ability to drink
                  | potions when taking damage. [Xom's mischief]
 11142 | D:2      | Lost mutation: You are resistant to electric shocks.
                  | (rElec) [Xom's mischief]
 11245 | D:2      | Noticed Terence
 11253 | D:2      | Killed Terence
 11434 | D:2      | XOM: torment (20/37 hp)
 11504 | D:2      | XOM: give mutations
 11504 | D:2      | Gained mutation: You are robust. (+10% HP) [Xom's mischief]
 11504 | D:2      | Lost mutation: You are agile. (Dex +4, Str/Int -1) [Xom's
                  | mischief]
 11504 | D:2      | Gained mutation: Your magical capacity is low. (-10% MP)
                  | [Xom's mischief]
 11504 | D:2      | Gained mutation: Your mind is very acute. (Int +8, Str/Dex
                  | -2) [Xom's mischief]
 11745 | D:2      | XOM: summons 1 hostile shadow creature
 11875 | D:3      | Reached skill level 5 in Stealth
 11877 | D:3      | Found a faded altar of an unknown god.
 11877 | D:3      | XOM: 5-stop teleportation journey
 11937 | D:3      | XOM: god gift: morningstar {god gift}
 12052 | D:3      | Reached XP level 6. HP: 26/47 MP: 5/5
 12338 | D:3      | Found a runed translucent door.
 12340 | D:3      | Noticed mandarbmax's ghost (novice FoHu)
 12534 | D:3      | XOM: summons 3 hostile demons
 12535 | D:3      | Mangled by mandarbmax's ghost

Illustrated notes

Levels and vault maps discovered:
D:1:      tarquinn_simple_flora_water_e, layout_basic
D:2:      layout_basic, uniq_terence, uniq_natasha
D:3:      layout_rooms, ebering_ghost_reflecting_pool,
          shapermc_ecumenical_altar_gd, kennysheep_generic_room_12

Skill      XL: |  1  2  3  4  5 |
---------------+----------------+-----
Stealth        | 2 4 5 |  5.2
Short Blades   | 4 |  4.2
Dodging        | 3 |  3.0
Fighting       | |  3.8

Action                     |  1- 3 |  4- 6 || total
---------------------------+-------+-------++-------
  Melee: Short sword       |    62 |   103 ||   165
         Constrict         |    12 |    23 ||    35
         Tentacles         |    10 |    14 ||    24
         Punch             |     1 |     1 ||     2
         Kick              |     3 |    26 ||    29
   Stab: Sleeping          |     5 |     7 ||    12
 Armour: Skin              |    25 |    48 ||    73
  Dodge: Dodged            |    23 |    31 ||    54

Table legend: (Time is in decaauts)
 A = Elapsed time spent in this place.
 B = Non-inter-level travel time spent in this place.
 C = Inter-level travel time spent in this place.
 D = Time resting spent in this place.
 E = Time spent auto-exploring this place.
 F = Levels seen in this place.
 G = Mean time per level.
                   A        B        C        D        E       F      G
               +--------+--------+--------+--------+--------+-----+--------+
         Total |  12505 |  12418 |     87 |   9869 |   2106 |   3 | 4168.3 |
       Dungeon |  12505 |  12418 |     87 |   9869 |   2106 |   3 | 4168.3 |
               +--------+--------+--------+--------+--------+-----+--------+

Top non-repeatable levels by time:
     D:1: 9758 daAuts
     D:2: 1968 daAuts
     D:3: 778 daAuts
